 Dungeon Crawl Stone Soup version 0.24.0-13-gcf9b319 (webtiles) character file.

Game seed: 2721479421502771041, levelgen mode: deterministic

118951 Inchmeat the Bludgeoner (level 16, 0/112 HPs)
             Began as a Gargoyle Gladiator on Jan 22, 2020.
             Was the Champion of Makhleb.
             Killed from afar by a deep elf knight (22 damage)
             ... with a shard of ice
             ... on level 2 of the Elven Halls on Jan 23, 2020.
             The game lasted 00:49:18 (28557 turns).

Inchmeat the Bludgeoner (Gargoyle Gladiator)       Turns: 28557, Time: 00:49:19

Health: 0/112      AC: 39    Str: 24    XL:     16   Next: 78%
Magic:  17/17      EV: 11    Int: 10    God:    Makhleb [******]
Gold:   629        SH:  0    Dex: 11    Spells: 8/15 levels left

rFire    + . .     SeeInvis .   d - +2 great mace (venom)
rCold    . . .     Gourm    .   (shield currently unavailable)
rNeg     + + .     Faith    .   H - +1 pearl dragon scales
rPois    ∞         Spirit   .   (helmet restricted)
rElec    +         Reflect  .   p - +2 cloak
rCorr    .         Harm     .   z - +2 pair of gloves
MR       ++...     Rnd*Tele +   o - +2 pair of boots
Stlth    ..........             l - amulet of regeneration
HPRegen  0.68/turn              i - ring of the Saviour {rC+ MR+ Int+2}
MPRegen  0.15/turn              r - ring of fire

@: confused, flying
A: big wings, horns 1, clumsy 1, negative energy resistance 1, electricity
resistance, teleportitis 1, unbreathing, petrification resistance, rot immunity,
AC +12
a: Stop Flying, Minor Destruction, Lesser Servant of Makhleb, Major Destruction,
Greater Servant of Makhleb, Renounce Religion


You were on level 2 of the Elven Halls.
You worshipped Makhleb.
Makhleb was exalted by your worship.
You were hungry.

You visited 4 branches of the dungeon, and saw 23 of its levels.
You visited 1 bazaar.
You also visited: Ice Cave.

You collected 2545 gold pieces.
You spent 1916 gold pieces at shops.

Inventory:

Hand Weapons
 a - a +0 flail
 b - a +9 quick blade
 d - a +2 great mace of venom (weapon)
 y - a +2 morningstar
 E - a +3 morningstar of protection
Armour
 o - a +2 pair of boots (worn)
 p - a +2 cloak (worn)
 w - a +2 helmet
 z - a +2 pair of gloves (worn)
 H - +1 pearl dragon scales (worn)
Jewellery
 i - the ring of the Saviour (left hand) {rC+ MR+ Int+2}
   (You bought it in a shop on level 2 of the Orcish Mines)

   [ring of protection from cold]

   It affects your intelligence (+2).
   It protects you from cold.
   It affects your resistance to hostile enchantments.
 l - an amulet of regeneration (around neck)
 r - a ring of fire (right hand)
 Q - the ring "Usti" {rC+ Int+2}
   (You found it in an ice cave)

   [ring of protection from cold]

   It affects your intelligence (+2).
   It protects you from cold.
Wands
 t - a wand of flame (72)
 A - a wand of disintegration (1)
 I - a wand of acid (14)
 N - a wand of digging (5)
 P - a wand of scattershot (4)
Scrolls
 g - a scroll of magic mapping
 j - 6 scrolls of amnesia
 k - a scroll of enchant weapon
 m - a scroll of fear
 n - 13 scrolls of remove curse {@r2}
 q - 3 scrolls of fog
 u - 7 scrolls of teleportation
 J - a scroll of brand weapon
 M - a scroll of blinking
 T - a scroll of summoning
Potions
 c - 2 potions of magic
 e - 6 potions of cancellation
 h - 6 potions of agility
 s - 11 potions of curing {@q1}
 v - 2 potions of mutation {!q}
 x - 2 potions of might
 B - 3 potions of lignification
 D - 7 potions of haste
 G - 3 potions of brilliance
Miscellaneous
 F - a fan of gales
Comestibles
 f - 43 rations


   Skills:
 - Level 16.8 Fighting
 - Level 20.0 Maces & Flails
 - Level 1.7 Throwing
 * Level 13.4 Armour
 - Level 2.4 Dodging
 - Level 2.3 Invocations
 - Level 2.0 Evocations


You had 8 spell levels left.
You knew the following spells:

 Your Spells              Type           Power        Failure   Level  Hunger
a - Blink                 Tloc           N/A          77%         2    ###....
b - Swiftness             Chrm/Air       #.......     77%         2    ###....
c - Conjure Flame         Conj/Fire      #.......     94%         3    ####...

Your spell library contained the following spells:

 Spells                   Type           Power        Failure   Level  Hunger
 Corona                   Hex            #......      63%         1    ##.....
 Flame Tongue             Conj/Fire      #....        63%         1    ##.....
 Freeze                   Ice            #...         63%         1    ##.....
 Magic Dart               Conj           #...         63%         1    ##.....
 Shock                    Conj/Air       #...         63%         1    ##.....
 Call Imp                 Summ           #.......     77%         2    ###....
 Ensorcelled Hibernation  Hex/Ice        #.....       77%         2    ###....
 Slow                     Hex            #.......     77%         2    ###....
 Throw Frost              Conj/Ice       #.....       77%         2    ###....
 Confuse                  Hex            #.......     94%         3    ####...
 Dazzling Spray           Conj/Hex       #.....       94%         3    ####...
 Inner Flame              Hex/Fire       #.......     94%         3    ####...
 Mephitic Cloud           Conj/Pois/Air  #.......     94%         3    ####...
 Static Discharge         Conj/Air       #.......     94%         3    ####...
 Tukima's Dance           Hex            #.......     94%         3    ####...
 Airstrike                Air            #.........   100%        4    #####..
 Ice Form                 Ice/Tmut       #.......     100%        4    #####..
 Leda's Liquefaction      Hex/Erth       #.........   100%        4    #####..
 Bolt of Magma            Conj/Fire/Erth #.........   100%        5    ######.
 Fireball                 Conj/Fire      #.........   100%        5    ######.
 Irradiate                Conj/Tmut      #.........   100%        5    ######.
 Lightning Bolt           Conj/Air       #.........   100%        5    ######.
 Freezing Cloud           Conj/Ice/Air   #.........   100%        6    #######
 Hydra Form               Tmut           #.........   100%        6    #######
 Iron Shot                Conj/Erth      #.........   100%        6    #######
 Ozocubu's Refrigeration  Ice            #.........   100%        6    #######
 Simulacrum               Ice/Necr       #.........   100%        6    #######
 Dragon Form              Tmut           #.........   100%        7    #######
 Shatter                  Erth           #.........   100%        9    #######
 Statue Form              Tmut/Erth      Unusable     N/A         6    N/A

Dungeon Overview and Level Annotations

Branches:
Dungeon (12/15)            Temple (0/1) D:5            Lair (6/6) D:10
  Swamp (0/4) Lair:4       Spider (0/4) Lair:4        Slime (0/5) Lair:6
    Orc (2/2) D:11            Elf (3/3) Orc:2         IceCv (visited)

Altars:
Makhleb
Beogh
Jiyva

Shops:
Orc:1 (   Orc:2 *[[%   Elf:1 !*

Annotations:
D:1 Natasha


Innate Abilities, Weirdness & Mutations

You are resistant to torment.
Your stone body is resilient. (AC +12)
You are immune to poison.
Your large and strong wings let you fly indefinitely.
You resist negative energy. (rN+)
You are resistant to electric shocks. (rElec)
You can survive without breathing.
You are immune to petrification.
You are immune to rotting.
You have a pair of small horns on your head.
You are clumsy. (Dex -2)
You are occasionally teleported next to monsters.


Message History

Somethin' hits ye.
* * * LOW HITPOINT WARNIN'
* * * Unknown command.
Tha +1 trident o' protection barely misses ye.
Tha +5 hand axe o' electrocution misses ye.
Tha +1 trident o' protection hits ye but does nay damage.
Tha +5 hand axe o' electrocution hits ye but does nay damage.
Ye hear some strange, mumbled words.
A shard o' ice appears from outta thin air!
Tha shard o' ice hits ye!
* * * LOW HITPOINT WARNIN'
* * * Thin's tha be 'ere: a +0 short sword; a +0 leathar armour Tha +1 trident o' protection hits ye but does nay damage.
Tha +5 hand axe o' electrocution hits ye but does nay damage.
Tha +1 trident o' protection hits ye but does nay damage.
Ye hear some strange, mumbled words.
A shard o' ice appears from outta thin air!
Tha shard o' ice hits ye!!
Ye die...

#................ ......# #.#
##.................. .....# #.#
##....#...........# #....# #..
##...###..........# ....# ###
##...## ##........# #)..#####
#.....###.........## ##...##...
##...).#...........###°...#####
#.........).....(...#.....#
##............@.(........##
##.#...##...##(..##....##
####.####.####.####..## ### ###
### ####


You could see 3 dancing weapons.

Vanquished Creatures
  2 orc warlords (Orc:2)
  A frost giant (IceCv)
  Azrael (D:12)
  6 hydras
  A death knight (D:11)
  4 death yaks (Lair:6)
  3 two-headed ogres
  Urug (Lair:1)
  24 dancing weapons
  6 orc high priests
  Nergalle (D:12)
  9 deep elf knights
  2 phantasmal warriors (D:11)
  5 deep elf archers
  5 orc knights
  36 deep elf magi
  2 ugly things (D:11)
  5 orc sorcerers
  Maurice (D:11)
  A cyclops (D:11)
  A manticore (D:8)
  4 centaur zombies
  An ice statue (IceCv)
  7 black mambas
  25 spiny frogs
  4 rime drakes
  2 centaur skeletons
  2 ice devils (D:12)
  6 komodo dragons
  2 hellwings (D:7)
  7 trolls
  16 polar bears
  3 tyrant leeches (Lair:6)
  4 jumping spiders (Lair:4)
  7 hippogriffs
  3 air elementals
  14 blink frogs
  3 water elementals (Elf:1)
  8 fire elementals
  3 redbacks (Lair:4)
  57 yaks
  A shadow (D:9)
  A wraith (D:10)
  2 wyverns
  Eustachio (D:6)
  A basilisk (Lair:5)
  A hungry ghost (D:9)
  6 vampire mosquitoes (Lair:6)
  7 wargs
  17 water moccasins
  A soldier ant (D:12)
  2 hell hounds (D:12)
  Duvessa (D:7)
  4 porcupines
  4 sky beasts
  39 orc warriors
  2 black bears
  2 ice beasts
  2 necrophages (D:7)
  2 phantoms
  25 wolves
  20 ogres
  6 centaurs
  10 crocodiles
  A big kobold (D:7)
  25 bullfrogs
  2 earth elementals
  A gnoll sergeant (D:9)
  3 wyvern zombies (D:7)
  Dowan (D:7)
  A wyvern skeleton (D:7)
  6 killer bees (D:8)
  5 scorpions
  16 wights
  3 electric eels
  7 howler monkeys
  6 crimson imps
  A bullfrog zombie (D:5)
  3 quasits
  Crazy Yiuf (D:7)
  31 orc priests
  11 hounds
  5 jellies
  30 orc wizards
  Natasha (D:1)
  Terence (D:2)
  2 iguanas
  13 worker ants
  A hound zombie (D:6)
  A hound skeleton (D:4)
  A worker ant zombie (D:11)
  13 gnolls
  19 adders
  7 shadow imps
  6 oozes
  An adder zombie (D:8)
  An adder skeleton (D:5)
  5 worms
  2 dart slugs
  4 leopard geckos
  119 orcs
  8 bats
  6 giant cockroaches
  7 goblins
  11 hobgoblins
  34 jackals
  15 kobolds
  3 quokkas
  3 ball pythons
  4 frilled lizards
  A jackal skeleton (D:8)
  A leopard gecko skeleton (D:5)
  A quokka skeleton (D:8)
  A quokka zombie (D:5)
  11 rats
914 creatures vanquished.

Vanquished Creatures (collateral kills)
  A polar bear (IceCv)
  A yak (IceCv)
2 creatures vanquished.

Vanquished Creatures (others)
  2 polar bears (IceCv)
  4 wolves (IceCv)
  2 fungi
  30 plants (Lair:6)
  A withered plant (D:7)
39 creatures vanquished.

Grand Total: 955 creatures vanquished

Notes
Turn   | Place    | Note
-------+----------+-------------------------------------------
     0 | D:1      | Inchmeat the Gargoyle Gladiator began the quest for the
                  | Orb.
     0 | D:1      | Reached XP level 1. HP: 12/12 MP: 1/1
   255 | D:1      | Reached XP level 2. HP: 13/17 MP: 2/2
   557 | D:1      | Reached skill level 4 in Maces & Flails
   584 | D:1      | Reached XP level 3. HP: 7/21 MP: 3/3
  1602 | D:1      | Reached XP level 4. HP: 5/26 MP: 4/4
  2277 | D:2      | Reached skill level 5 in Maces & Flails
  2283 | D:2      | Noticed Natasha
  2302 | D:1      | Killed Natasha
  2672 | D:1      | Noticed Natasha
  3152 | D:2      | Reached XP level 5. HP: 28/30 MP: 5/5
  3363 | D:2      | Noticed Terence
  3376 | D:2      | Killed Terence
  3696 | D:2      | Reached skill level 6 in Maces & Flails
  3839 | D:2      | Found a burning altar of Makhleb.
  4020 | D:2      | Became a worshipper of Makhleb the Destroyer
  4184 | D:3      | Reached XP level 6. HP: 33/35 MP: 6/6
  4878 | D:3      | Reached * piety under Makhleb
  5062 | D:4      | Reached skill level 7 in Maces & Flails
  5418 | D:4      | Reached XP level 7. HP: 40/40 MP: 7/7
  5653 | D:4      | Reached skill level 8 in Maces & Flails
  5860 | D:5      | Entered Level 5 of the Dungeon
  5959 | D:5      | Reached ** piety under Makhleb
  6004 | D:5      | Reached skill level 9 in Maces & Flails
  6534 | D:5      | Found a staircase to the Ecumenical Temple.
  6624 | D:5      | Reached XP level 8. HP: 37/44 MP: 8/8
  6738 | D:6      | Noticed a two-headed ogre
  6751 | D:6      | Killed a two-headed ogre
  6751 | D:6      | Reached skill level 10 in Maces & Flails
  7018 | D:6      | Reached skill level 11 in Maces & Flails
  7125 | D:6      | Reached XP level 9. HP: 48/48 MP: 9/9
  7375 | D:6      | Noticed Eustachio
  7386 | D:6      | Killed Eustachio
  7408 | D:6      | Reached skill level 12 in Maces & Flails
  7842 | D:7      | Reached *** piety under Makhleb
  7946 | D:7      | Noticed a hellwing
  7968 | D:7      | Killed a hellwing
  7968 | D:7      | Reached skill level 13 in Maces & Flails
  8002 | D:7      | Reached XP level 10. HP: 43/53 MP: 10/10
  8169 | D:7      | Reached skill level 14 in Maces & Flails
  8386 | D:7      | Reached skill level 1 in Invocations
  8424 | D:7      | Reached **** piety under Makhleb
  8578 | D:7      | Found a runed translucent door.
  8581 | D:7      | Noticed Crazy Yiuf
  8715 | D:7      | Reached skill level 15 in Maces & Flails
  9024 | D:7      | Noticed Duvessa
  9025 | D:7      | Noticed Dowan
  9037 | D:7      | Killed Duvessa
  9056 | D:7      | Killed Dowan
  9408 | D:7      | Killed Crazy Yiuf
  9858 | D:8      | Reached XP level 11. HP: 57/57 MP: 12/12
  9995 | D:8      | Noticed a manticore
 10006 | D:8      | Killed a manticore
 10800 | D:9      | Reached skill level 16 in Maces & Flails
 10925 | D:9      | Reached ***** piety under Makhleb
 11353 | D:9      | Reached skill level 5 in Fighting
 11418 | D:10     | Entered Level 10 of the Dungeon
 12131 | D:10     | Found a staircase to the Lair.
 12528 | D:10     | Noticed a two-headed ogre
 12538 | D:10     | Killed a two-headed ogre
 12682 | D:11     | Noticed Maurice
 12727 | D:11     | Killed Maurice
 12786 | D:11     | Noticed a cyclops
 12807 | D:11     | Killed a cyclops
 12829 | D:11     | Found a staircase to the Orcish Mines.
 12832 | D:11     | Noticed a purple ugly thing
 12850 | D:11     | Noticed a four-headed hydra
 12853 | D:11     | Killed a purple ugly thing
 12857 | D:11     | Reached XP level 12. HP: 76/76 MP: 13/13
 12868 | D:11     | Killed a four-headed hydra
 12868 | D:11     | Reached skill level 10 in Fighting
 12881 | D:11     | Found a roughly hewn altar of Beogh.
 12908 | D:11     | Found a flickering gateway to a bazaar.
 12913 | Bazaar   | Entered a bazaar
 12915 | Bazaar   | Found Yheteur's Gadget Shop.
 12924 | Bazaar   | Found Kulenool's Armour Shoppe.
 12935 | Bazaar   | Found Foewi Lywo's Weapon Boutique.
 12944 | Bazaar   | Found Ijaowk's Antique Weapon Shop.
 12952 | Bazaar   | Bought a glowing morningstar for 168 gold pieces
 13201 | D:11     | Noticed a death knight
 13534 | Orc:1    | Entered Level 1 of the Orcish Mines
 13543 | Orc:1    | You fall into a shaft and drop 1 floor!
 13543 | Orc:2    | Entered Level 2 of the Orcish Mines
 13915 | Orc:2    | Reached ****** piety under Makhleb
 14030 | Orc:1    | Found Emuosch's Antique Weapon Boutique.
 14449 | Orc:1    | Noticed an orc high priest
 14488 | Orc:1    | Killed an orc high priest
 15006 | Orc:2    | Gained mutation: You are clumsy. (Dex -2) [potion of
                  | mutation]
 15006 | Orc:2    | Gained mutation: You have a pair of small horns on your
                  | head. [potion of mutation]
 15107 | Orc:2    | Found a roughly hewn altar of Beogh.
 15294 | Orc:2    | Found Eggyem's Armour Emporium.
 15333 | Orc:2    | Found Kyffi's General Store.
 15341 | Orc:2    | Reached XP level 13. HP: 74/90 MP: 14/14
 15357 | Orc:2    | Bought the ring of the Saviour {rC+ MR+ Int+2} for 418 gold
                  | pieces
 15522 | Orc:2    | Noticed an orc warlord
 15569 | Orc:2    | Killed an orc warlord
 15690 | Orc:2    | Reached skill level 15 in Fighting
 15755 | Orc:2    | Identified a scroll of acquirement
 16145 | Orc:2    | Found a staircase to the Elven Halls.
 16298 | Orc:2    | Noticed an orc warlord
 16968 | Orc:2    | Killed an orc warlord
 16968 | Orc:2    | Reached skill level 1 in Evocations
 17293 | Orc:2    | Gained mutation: You are occasionally teleported next to
                  | monsters. [a neqoxec]
 17317 | Orc:2    | Found a roughly hewn altar of Beogh.
 17335 | Orc:2    | Found Ycesto's Food Emporium.
 17374 | Orc:2    | Found Mohil's Armour Boutique.
 17817 | Lair:1   | Entered Level 1 of the Lair of Beasts
 17817 | Lair:1   | Noticed Urug
 17837 | Lair:1   | Killed Urug
 19172 | Lair:3   | Gained mutation: Your large and strong wings let you fly
                  | indefinitely. [Gargoyle growth]
 19172 | Lair:3   | Reached XP level 14. HP: 96/100 MP: 15/15
 20061 | Lair:4   | Found a staircase to the Swamp.
 20096 | Lair:4   | Reached skill level 17 in Maces & Flails
 20338 | Lair:4   | Learned a level 2 spell: Blink
 20341 | Lair:4   | Learned a level 2 spell: Swiftness
 20345 | Lair:4   | Learned a level 3 spell: Conjure Flame
 20499 | Lair:4   | Found a hole to the Spider Nest.
 21083 | Lair:5   | Identified the Volume of the Blaze
 21285 | Lair:5   | You are sucked into a shaft and drop 1 floor!
 21285 | Lair:6   | Entered Level 6 of the Lair of Beasts
 21424 | Lair:6   | Reached skill level 18 in Maces & Flails
 21784 | Lair:6   | Reached XP level 15. HP: 71/106 MP: 16/16
 21901 | Lair:6   | Reached skill level 19 in Maces & Flails
 22105 | Lair:6   | Found a staircase to the Slime Pits.
 22105 | Lair:6   | Found a viscous altar of Jiyva.
 23302 | Orc:2    | Bought +0 pearl dragon scales for 1200 gold pieces
 23681 | D:12     | Noticed Nergalle
 23694 | D:12     | Killed Nergalle
 23776 | D:12     | Noticed Azrael
 23796 | D:12     | Killed Azrael
 23854 | D:12     | Found a frozen archway.
 23878 | IceCv    | Entered an ice cave
 24283 | IceCv    | Reached skill level 20 in Maces & Flails
 24290 | IceCv    | Reached skill level 1 in Armour
 24366 | IceCv    | Noticed a frost giant
 24386 | IceCv    | Killed a frost giant
 24517 | IceCv    | Identified the Reference Book on Ice
 24520 | IceCv    | Got a fine ivory ring
 24536 | IceCv    | Identified the ring "Usti" {rC+ Int+2} (You found it in an
                  | ice cave)
 25462 | Elf:1    | Entered Level 1 of the Elven Halls
 25466 | Orc:2    | Reached skill level 5 in Armour
 25702 | Elf:1    | Found Hurahuz's Distillery.
 25717 | Elf:1    | Bought a potion of heal wounds for 65 gold pieces
 25717 | Elf:1    | Bought a potion of heal wounds for 65 gold pieces
 25908 | Elf:1    | Reached XP level 16. HP: 110/112 MP: 17/17
 26328 | Elf:1    | Found Gacuy's Mayhem Merchandise.
 26340 | Elf:1    | Reached skill level 10 in Armour
 26870 | Elf:3    | Entered Level 3 of the Elven Halls
 27799 | Elf:2    | Found a huge runed translucent gate.
 27799 | Elf:2    | Found a huge runed translucent gate.
 27799 | Elf:2    | Found a huge runed translucent gate.
 27799 | Elf:2    | Found a huge runed translucent gate.
 27805 | Elf:2    | Found a huge runed translucent gate.
 28557 | Elf:2    | Killed from afar by a deep elf knight

Levels and vault maps discovered:
D:1:      wander_arrival_chamber, layout_rooms, minmay_misc_feat_tiny
D:2:      layout_rooms, makhleb_grotto_becter, serial_curves, eino_curves_02,
          eino_curves_03, uniq_terence, uniq_natasha
D:3:      layout_basic
D:4:      layout_gridville, first_ration
D:5:      layout_loops_ring, temple_hall, serial_park_tiny_1
D:6:      layout_loops_corners, kennysheep_generic_room_3, uniq_eustachio
D:7:      cheibrodos_grave_circle, layout_basic, uniq_crazy_yiuf_cottage,
          uniq_duvessa
D:8:      layout_loops_ring, hangedman_little_slice_of_home
D:9:      minmay_ornate_pinched, layout_basic, minmay_misc_feat_chi
D:10:     layout_stronghold, lair_entry_dummy
D:11:     layout_cave_pools, minmay_orc_entry_temple_large, serial_shops,
          bzr_entry_road, uniq_maurice
D:12:     layout_irregular_city, portal_ice_cave_demonic_guard, uniq_nergalle,
          uniq_azrael
Lair:1:   layout_cave_pods, uniq_urug
Lair:2:   layout_loops_ring, minivault_27
Lair:3:   layout_hall_layers
Lair:4:   beast_lair_carwin_large_1, layout_hall_layers, swamp_mist,
          nicolae_spider_entry_tight_spaces, hangedman_lair_unloving_vines,
          lemuel_fruit_tree
Lair:5:   layout_big_grid, infiniplex_staircase_pool
Lair:6:   minmay_lair_end_frog_pond, layout_cave_pods, slime_altar_1
Orc:1:    nicolae_orc_accident_1, layout_caves, serial_shops,
          nicolae_shop_competitors_out_of_business
Orc:2:    pubby_orc_utopia
Elf:1:    elf_arrival_002, layout_geoelf_grid, serial_shops, shop, minivault_28,
          minmay_shop_mayhem, grunt_megastairs_2
Elf:2:    layout_loops_corners
Elf:3:    minmay_elf_hall_hex, layout_gridlike, serial_shops, shop_coins,
          basic_altar, uniq_nikola

Skill      XL: |  1  2  3  4  5  6  7  8  9 10 11 12 13 14 15 16 |
---------------+-------------------------------------------------+-----
Maces & Flails | 4 5 6 7 9 11 13 15 16 18 20 | 20.0
Invocations    | 2 |  2.3
Fighting       | 9 14 16 | 16.8
Evocations     | 2 |  2.0
Armour         | 8 13 | 13.4
Throwing       | |  1.7
Dodging        | |  2.4

Action                   |  1- 3 |  4- 6 |  7- 9 | 10-12 | 13-15 | 16-18 || total
-------------------------+-------+-------+-------+-------+-------+-------++-------
Melee: Flail             |   111 |   427 |   122 |       |       |       ||   660
       Morningstar       |       |       |   279 |  1333 |   422 |       ||  2034
       Headbutt          |       |       |       |    19 |   297 |    62 ||   378
       Great mace        |       |       |       |       |  1087 |   367 ||  1454
Throw: Throwing net      |     2 |     3 |     1 |       |       |       ||     6
Invok: Minor Destruction |       |       |       |       |     6 |       ||     6
       Lesser Servant of |       |       |       |       |     3 |       ||     3
 Abil: Evoke Berserk Rag |       |       |       |       |     2 |       ||     2
       Fly               |       |       |       |       |     1 |       ||     1
Evoke: Wand              |       |       |     2 |     6 |     8 |       ||    16
  Use: Potion            |     2 |     1 |       |     9 |     5 |     3 ||    20
       Scroll            |     3 |     1 |     1 |    16 |    16 |     2 ||    39
 Stab: Held in net/web   |       |       |     1 |       |       |       ||     1
       Distracted        |       |       |       |       |     1 |       ||     1
  Eat: Chunk             |     1 |     7 |     8 |    22 |    30 |     2 ||    70
       Ration            |       |     2 |       |     3 |     2 |     2 ||     9
Armor: Leather armour    |    21 |       |       |       |       |       ||    21
       Ring mail         |    46 |   115 |       |       |       |       ||   161
       Chain mail        |       |    81 |       |       |       |       ||    81
       Plate armour      |       |   173 |   357 |  1176 |   904 |       ||  2610
       Pearl dragon scal |       |       |       |       |   364 |   258 ||   622
Dodge: Dodged            |   104 |   253 |   128 |   483 |   579 |    89 ||  1636
